 Dungeon Crawl Stone Soup version 0.31.0-11-ge490571c62 (webtiles) character file.

Game seed: 7184295208073136207

2052566 Midpoint the Slayer (level 27, 300/300 HPs)
             Began as an Oni Brigand on Jan 30, 2024.
             Was a High Priest of Okawaru.
             Escaped with the Orb
             ... and 3 runes
             ... and 3 gems on Feb 1, 2024!
             The game lasted 11:21:17 (64861 turns).

Midpoint the Slayer (Oni Brigand)                  Turns: 64861, Time: 11:21:18

Health: 300/300    AC: 29    Str: 25    XL:     27
Magic:  36/36      EV: 16    Int: 18    God:    Okawaru [*****.]
Gold:   3018       SH: 23    Dex: 10    Spells: 14/54 levels left

rFire   + . .        a - +9 demon trident (elec)
rCold   + . .        h - +5 kite shield {rC+}
rNeg    + . .        J - +7 pearl dragon scales of the Blushing Gods {rPois rN+ Dex+2 Slay+3 Stlth-}
rPois   +            q - +2 hat
rElec   .            c - +2 cloak {Stlth+}
rCorr   .            (gloves unavailable)
SInv    .            (boots unavailable)
Will    ++...        P - amulet "Wenoma" {Reflect ^Fragile Fly rPois Regen+ SH+5}
Stlth   +            Y - +5 ring of evasion
HPRegen 1.50/turn    Z - ring of protection from fire
MPRegen 0.25/turn

%: reflection, clarity
@: flying, studying 2 skills
A: large, unfitting armour, horns 2, tough skin 1, double potion healing,
drunken brawling, clarity, clumsy 1, dopey 1, low MP 1, inability to drink after
injury 1, sturdy frame 1
0: Orb of Zot
}: 3/15 runes: decaying, serpentine, slimy
a: Renounce Religion, Heroism, Finesse, Duel


You escaped.
You worshipped Okawaru.
Okawaru was extremely pleased with you.
You visited 11 branches of the dungeon, and saw 54 of its levels.
You visited the Abyss 1 time.
You also visited: Bailey, Ice Cave and Desolation.

You collected 8287 gold pieces.
You spent 5269 gold pieces at shops.

Inventory:

Hand Weapons
 a - a +9 demon trident of electrocution (weapon)
 b - a +9 demon whip of flaming
 S - a +5 heavy eveningstar
Missiles
 k - 7 javelins
 A - 10 atropa-tipped darts
 C - 65 large rocks
 D - 8 silver javelins
 N - 31 boomerangs
Armour
 c - a +2 cloak of stealth (worn)
 h - a +5 kite shield of cold resistance (worn)
 q - a +2 hat (worn)
 J - the +7 pearl dragon scales of the Blushing Gods (worn) {rPois rN+ Dex+2 Slay+3 Stlth-}
   (Okawaru gifted it to you on level 2 of the Depths)

   Dex+2:     It affects your dexterity (+2).
   Slay+3:    It affects your accuracy & damage with ranged weapons and melee
   (+3).
   rPois:     It protects you from poison rN+: It protects you from negative
   energy.
   Stlth-:    It makes you less stealthy.
Magical Staves
 j - the staff of the Eight Underlurkers {rF+ rN+ Int+4 Necro}
   (You found it on level 3 of the Crypt)

   [staff of death]

   Base accuracy: +5 Base damage: 5 Base attack delay: 1.2 This weapon's minimum
   attack delay (0.6) is reached at skill level 12.
   Int+4:     It affects your intelligence (+4).
   rF+:       It protects you from fire.
   rN+:       It protects you from negative energy.
   Necro:     It increases the power of your Necromancy spells.
   It falls into the 'Staves' category.
   It is a one-handed weapon.
 X - the staff "Eresm" {rElec rPois Dex+3 Alchemy}
   (You found it on level 5 of the Pits of Slime)

   [staff of alchemy]

   Base accuracy: +5 Base damage: 5 Base attack delay: 1.2 This weapon's minimum
   attack delay (0.6) is reached at skill level 12.
   Dex+3:     It affects your dexterity (+3).
   rElec:     It insulates you from electricity.
   rPois:     It protects you from poison Alchemy: It increases the power of
   your Alchemy spells.
   It falls into the 'Staves' category.
   It is a one-handed weapon.
Jewellery
 o - the amulet "Joguamul" {Faith rN+ rCorr Int+3}
   (You found it in an ice cave)

   [amulet of faith]

   Faith:     It allows you to gain divine favour quickly.
   Int+3:     It affects your intelligence (+3).
   rN+:       It protects you from negative energy.
   rCorr:     It protects you from acid and corrosion.
 r - the ring "Ariroel" {Will+ Str+2 Int-4 Dex+3 SInv}
   (You found it in the Desolation of Salt)

   [ring of willpower]

   Str+2:     It affects your strength (+2).
   Int-4:     It affects your intelligence (-4).
   Dex+3:     It affects your dexterity (+3).
   Will+:     It increases your willpower.
   SInv:      It lets you see invisible.
 H - the ring "Xatutham" {Fly MP+9 Str+5}
   (You found it on level 11 of the Dungeon)

   [ring of magical power]

   Str+5:     It affects your strength (+5).
   MP+9:      It affects your magic capacity (+9).
   Fly:       It grants you flight.
 O - a +4 ring of slaying
 P - the amulet "Wenoma" (around neck) {Reflect ^Fragile Fly rPois Regen+ SH+5}
   (You acquired it on level 4 of the Swamp)

   [amulet of reflection]

   Reflect:   It reflects blocked missile attacks.
   rPois:     It protects you from poison Fly: It grants you flight.
   Regen+:    It increases your rate of health regeneration.
   ^Fragile:  It will be destroyed if unequipped.
   SH+5:      It affects your SH (+5).
 Q - the ring "Kuzanwiu" {rC+ rCorr Str+2 Int+2}
   (You acquired it on level 3 of the Elven Halls)

   [ring of protection from cold]

   Str+2:     It affects your strength (+2).
   Int+2:     It affects your intelligence (+2).
   rC+:       It protects you from cold.
   rCorr:     It protects you from acid and corrosion.
 Y - a +5 ring of evasion (left hand)
 Z - a ring of protection from fire (right hand)
Talismans
 v - a talisman of death
 y - a granite talisman
Wands
 g - a wand of digging (21)
 s - a wand of iceblast (31)
 u - a wand of paralysis (61)
 K - a wand of flame (111)
 V - a wand of light (8)
Scrolls
 d - 4 scrolls of brand weapon
 f - a scroll of fear
 i - 5 scrolls of teleportation
 m - 2 scrolls of revelation
 I - 5 scrolls of silence
 M - a scroll of fog
 U - 2 scrolls of blinking
Potions
 e - 2 potions of haste
 l - 3 potions of ambrosia
 p - 9 potions of curing
 w - 3 potions of mutation
 x - 3 potions of magic
 z - 8 potions of brilliance
 F - 4 potions of cancellation
 G - 3 potions of resistance
 L - 6 potions of enlightenment
 T - 2 potions of berserk rage
 W - 3 potions of might
Miscellaneous
 n - a phial of floods
 t - a lightning rod (4/4)


   Skills:
 - Level 22.0 Fighting
 - Level 1.7 Short Blades
 - Level 11.8(12.0) Maces & Flails
 - Level 14.9(15.0) Polearms
 - Level 2.1(12.3) Staves
 - Level 15.0 Throwing
 - Level 13.0 Armour
 - Level 10.0 Dodging
 - Level 4.3 Stealth
 + Level 16.7 Shields
 - Level 14.0 Spellcasting
 - Level 7.8 Hexes
 - Level 13.9 Necromancy
 - Level 12.0 Translocations
 - Level 8.0 Air Magic
 - Level 7.6 Earth Magic
 - Level 7.8 Alchemy
 - Level 16.0 Invocations
 - Level 5.7 Evocations
 * Level 17.0 Shapeshifting


You had 14 spell levels left.
You knew the following spells:

 Your Spells              Type           Power      Damage    Failure   Level
a - Apportation           Tloc           100%       N/A       1%          1
b - Airstrike             Air            20%        2d(3-19)  4%          4
c - Vhi's Electric Charg  Tloc/Air       96%        N/A       1%          4
d - Manifold Assault      Tloc           54%        N/A       1%          4
e - Dispersal             Tloc           27%        N/A       14%         6
f - Yara's Violent Unrav  Hex/Alch       20%        3d9       14%         5
g - Passage of Golubria   Tloc           54%        N/A       1%          4
h - Borgnjor's Vile Clut  Necr/Erth      25%        N/A       4%          5
i - Dispel Undead         Necr           58%        3d21      1%          4
j - Passwall              Erth           40%        N/A       1%          3

Your spell library contained the following spells:

 Spells                   Type           Power      Damage    Failure   Level
 Kiss of Death            Conj/Necr      100%       2d13      1%          1
 Necrotise                Necr           100%       1d9       1%          1
 Sandblast                Erth           80%        2d17      1%          1
 Slow                     Hex            100%       N/A       1%          1
 Cigotuvi's Dreadful Rot  Necr/Alch/Air  96%        N/A       1%          2
 Jinxbite                 Hex            80%        N/A       1%          2
 Sublimation of Blood     Necr           58%        N/A       1%          2
 Confusing Touch          Hex            40%        N/A       1%          3
 Vampiric Draining        Necr           58%        2d10      1%          3
 Anguish                  Hex/Necr       25%        N/A       1%          4
 Curse of Agony           Necr           58%        N/A       1%          5
 Shock                    Conj/Air       100%       1d9       2%          1
 Sting                    Conj/Alch      100%       1d9       2%          1
 Ensorcelled Hibernation  Hex/Ice        52%        N/A       3%          2
 Static Discharge         Conj/Air       54%        3-6/arc   3%          2
 Volatile Blastmotes      Fire/Tloc      68%        2d15      3%          3
 Mephitic Cloud           Conj/Alch/Air  31%        N/A       4%          3
 Cause Fear               Hex            20%        N/A       4%          4
 Leda's Liquefaction      Alch/Erth      20%        N/A       4%          4
 Petrify                  Alch/Erth      40%        N/A       4%          4
 Dazzling Flash           Conj/Hex       52%        N/A       8%          3
 Stone Arrow              Conj/Erth      52%        3d10      8%          3
 Foxfire                  Conj/Fire      48%        2x1d6     12%         1
 Magic Dart               Conj           48%        1d5       12%         1
 Silence                  Hex/Air        20%        N/A       13%         5
 Alistair's Intoxication  Alch           26%        N/A       14%         5
 Lee's Rapid Deconstruct  Erth           20%        3d12*     16%         5
 Searing Ray              Conj           24%        2d5       19%         2
 Fulminant Prism          Conj/Alch      13%        3d9       24%         4
 Brom's Barrelling Bould  Conj/Erth      26%        2d5       26%         4
 Frozen Ramparts          Ice            24%        1d4       36%         3
 Arcjolt                  Conj/Air       13%        1d23      54%         5
 Irradiate                Conj/Alch      13%        3d16      56%         5
 Metabolic Englaciation   Hex/Ice        13%        N/A       56%         5
 Fireball                 Conj/Fire      6%         3d5       98%         5
 Iskenderun's Battlesphe  Conj           12%        2d7       98%         5
 Plasma Beam              Fire/Air       13%        2x1d24    98%         6
 Bombard                  Conj/Erth      13%        9d3       99%         6
 Enfeeble                 Hex            20%        N/A       99%         7
 Disjunction              Tloc           27%        N/A       99%         8
 Starburst                Conj/Fire      6%         6d4       100%        6
 Orb of Destruction       Conj           6%         9d6       100%        7
 Ozocubu's Refrigeration  Ice            6%         4d8       100%        7
 Polar Vortex             Ice            6%         N/A       100%        9
 Shatter                  Erth           20%        3d18*     100%        9
 Tukima's Dance           Hex            Unusable   N/A       N/A         3
 Death Channel            Necr           Unusable   N/A       N/A         6
 Martyr's Knell           Necr/Summ      Unusable   N/A       N/A         4
 Summon Small Mammal      Summ           Unusable   N/A       N/A         1
 Summon Lightning Spire   Summ/Air       Unusable   N/A       N/A         4
 Animate Armour           Summ/Erth      Unusable   N/A       N/A         4
 Summon Mana Viper        Hex/Summ       Unusable   N/A       N/A         5
 Summon Blazeheart Golem  Fire/Summ      Unusable   N/A       N/A         4
 Sculpt Simulacrum        Ice/Alch       Unusable   N/A       N/A         6
 Summon Cactus Giant      Summ           Unusable   N/A       N/A         6
 Spellforged Servitor     Conj/Summ      Unusable   N/A       N/A         7
 Dragon's Call            Summ           Unusable   N/A       N/A         9

Dungeon Overview and Level Annotations

Branches:
Dungeon (15/15)              Lair (5/5) D:11          Swamp (4/4) Lair:2
  Snake (4/4) Lair:3        Slime (5/5) Lair:5          Orc (2/2) D:10
    Elf (3/3) Orc:2        Vaults (4/5) D:13          Crypt (3/3) Vaults:2
   Tomb (0/3) Crypt:3      Depths (4/4) D:15            Zot (5/5) Depths:4
 Bailey (visited)           IceCv (visited)         Desolation (visited)
 Temple: D:4-7

Altars:
Kikubaaqudgha
Makhleb
Okawaru
Sif Muna
Xom
Yredelemnul
Jiyva

Shops:
D:7 :   Orc:1 =*   Orc:2 ((!!   Elf:2 (   Snake:3 !   Vaults:1 *   Vaults:3 [
Vaults:4 [   Depths:1 ?=   Depths:3 (   Depths:4 (

Portals:
Hell: Depths:1 Depths:2 Depths:3 Depths:4
Abyss: Depths:3
Pandemonium: Depths:2 Depths:3
Ziggurat: Depths:4

Annotations:
Swamp:3 2 transporters, exclusion: obsidian statue
Snake:4 3 runed translucent doors, exclusion: 3 doors, Kicir's ghost, adept GnFi
Elf:2 3 runed translucent doors
Vaults:3 3 runed translucent doors, Tang's ghost, master DsGl; foobar1000's ghost, veteran SpHu; theMacoje's ghost, adept OnEn


Innate Abilities, Weirdness & Mutations

You are too large for most types of armour.
You have a pair of horns on your head.
You have tough skin. (AC +1)
You gain doubled healing and magic from potions.
Whenever you drink a healing potion, you attack all around you.
You possess an exceptional clarity of mind.
You are clumsy. (Dex -2)
You are dopey. (Int -2)
Your magical capacity is low. (-10% MP)
You occasionally lose the ability to drink potions when taking damage.
Your movements are slightly less encumbered by armour. (ER -2)


Message History

Your magical contamination has completely faded away.
You fly upwards.
You feel sick.
There is a stone staircase leading down here.
What level of the Dungeon? (default 1, ? - help)
You feel sick.
You feel sick.
You feel sick.
You feel sick.
You are no longer poisoned.
There is a stone staircase leading up here.
There is a stone staircase leading up here.
You fly upwards.
There is a stone staircase leading down, spattered with blood here.
HP restored.
There is a stone staircase leading up here.
You fly upwards.
There is a stone staircase leading down here.
There is a stone staircase leading up here.
You fly upwards.
There is a stone staircase leading down here.
There is a stone staircase leading up here.
You fly upwards.
There is a stone staircase leading down here.
There is a stone staircase leading up here.
You fly upwards.
There is a stone staircase leading down here.
There is a stone staircase leading up here.
You fly upwards.
There is a stone staircase leading down here.
There is an open door here.
There is an open door here.
You reach down and open the door.
There is an open door here.
Magic restored.
There is an open door here.
There is a staircase leading out of the dungeon here.
Press: ? - help, v - describe, . - travel A staircase leading out of the dungeon.
This square is covered in magical glow.
You have escaped!

#.......# ##....#.# #....#.#
### #....#.# ##..
#....'.#################..#
#....##....................
#....##.######...######...#
#....##.#....#...#....#...#
#....##.#.@..#...#.÷..#...#
##.####.#....##'##....##+##
#.# #.##'###...##'###...#
###.####..#...'...'....+...+
#......#..##.######.##.##.##
#>#....##..##..#..##.#....#.
###.########.##.).##..........
#.............#.#...#.#....#..
#.#.#####...#.##..#....##...##


There were no monsters in sight!

Vanquished Creatures
  the Royal Jelly (Slime:5)
  2 dread liches
  2 ancient liches
  8 orbs of fire the Lernaean hydra (Swamp:4)
  Saint Roka (Vaults:1)
  Parghit (Zot:1)
  4 Killer Klowns (Zot:5)
  A caustic shrike (Depths:2)
  Margery (Vaults:2)
  A curse toe (Crypt:3)
  Nikola (Swamp:1)
  12 golden dragons
  Jory (Depths:3)
  A bone dragon (Abyss:3)
  A pandemonium lord (Zot:3)
  3 electric golems
  19 tentacled monstrosities
  Jorgrun (D:15)
  Zenata (Vaults:1)
  Mlioglotl (Swamp:4)
  3 liches
  A walking earthen tome (Depths:1)
  A walking crystal tome (Depths:2)
  A shard shrike skeleton (Crypt:3)
  27 Orb Guardians
  27 acid blobs
  5 sphinxes
  3 quicksilver dragons
  4 death cobs
  A deep elf blademaster (Elf:3)
  9 ancient champions
  A walking divine tome (Depths:2)
  An Executioner (D:8)
  A walking frostbound tome (Depths:1)
  A searing wretch (Vaults:2)
  A tentacled starspawn (Abyss:3)
  5 shadow dragons
  4 nagarajas
  7 tengu reavers
  12 azure jellies
  4 protean progenitors
  11 storm dragons
  3 revenants
  4 narguns (Depths:1)
  7 fire giants
  16 rockslimes
  7 draconian scorchers
  9 deep elf sorcerers
  8 draconian knights
  7 frost giants
  8 ghouls
  4 draconian monks
  10 draconian shifters
  A balrug (Depths:1)
  11 vault wardens
  3 deep elf elementalists
  Louise (Swamp:4)
  5 curse skulls
  An orc warlord (Elf:3)
  4 draconian stormcallers
  98 slime creatures
  12 quicksilver oozes
  7 draconian annihilators
  An angel (Abyss:3)
  19 ironbound preservers
  4 formless jellyfish
  A juggernaut skeleton (Crypt:2)
  9 ironbound thunderhulks
  10 vampire knights
  5 caustic shrike skeletons (Crypt:3)
  7 stone giants
  4 eleionomae
  3 very ugly things
  13 green draconians
  3 deep elf demonologists
  7 black draconians
  6 deep elf death magi
  3 war gargoyles
  Nessos (D:15)
  2 bunyips
  6 deep elf annihilators (Elf:3)
  9 red draconians
  14 white draconians
  4 dire elephants
  14 yellow draconians
  10 spark wasps
  2 halazid warlocks (Desolation)
  7 purple draconians
  A green death (D:8)
  7 eidola
  3 jiangshi
  4 ettins
  Josephine (Lair:5)
  4 deep elf high priests
  A shambling mangrove (Swamp:4)
  6 crystal guardians
  The ghost of turdburglar the Grappler, a journeyman TrSh of Okawaru (D:10)
  7 fire dragons
  7 ragged hierophants (Desolation)
  2 salamander tyrants
  An entropy weaver (Vaults:2)
  15 great orbs of eyes
  Fannar (Lair:1)
  7 yaktaur captains
  A fenstrider witch zombie (Crypt:2)
  7 servants of whispers
  9 vault guards
  17 hydras
  6 alligators
  7 ice dragons
  9 peacekeepers
  Erolcha (D:9)
  3 catoblepae
  4 ghost crabs (Swamp:1)
  5 rakshasas
  A fenstrider witch skeleton (Crypt:2)
  9 ironbound frosthearts
  6 anacondas
  20 two-headed ogres
  5 spriggan air magi
  2 ogre magi
  8 naga warriors
  13 death yaks
  32 centaur warriors
  5 boulder beetles
  A sphinx skeleton (Vaults:2)
  18 dancing weapons
  2 death knights
  9 tengu warriors
  12 orc high priests
  5 vampire magi
  4 deep troll shamans
  7 shock serpents
  3 deep troll earth magi
  3 hell knights (Vaults:2)
  A storm dragon zombie (Crypt:3)
  5 occultists
  17 deep elf knights
  8 naga sharpshooters
  4 sun demons (Depths:1)
  A wretched star (Abyss:3)
  7 titan skeletons (Crypt:3)
  3 shadow wraiths
  7 iron trolls
  A fire crab (Lair:4)
  2 skysharks
  7 goliath frogs
  4 soul eaters
  7 salamander mystics
  7 mana vipers
  55 skeletal warriors
  7 spriggan druids
  11 deep elf archers
  68 deep trolls
  4 glowing orange brains
  10 swamp dragons
  10 flayed ghosts
  2 anaconda skeletons (Crypt:3)
  A death drake (Swamp:3)
  8 naga ritualists
  11 phantasmal warriors
  11 arcanists
  An orange crystal statue (IceCv)
  16 ironbound convokers
  A golden dragon skeleton (Crypt:3)
  A harpy (shapeshifter) (D:15)
  15 lindwurms
  33 deep elf pyromancers
  21 orc knights
  14 bog bodies
  A broodmother zombie (Crypt:1)
  23 deep elf zephyrmancers
  6 necromancers
  6 cyclopes
  9 shining eyes
  A jorogumo skeleton (Crypt:3)
  6 manticores
  4 will-o-the-wisps
  2 tengu skeletons
  An alligator skeleton (Crypt:3)
  An iron dragon skeleton (Crypt:3)
  5 orc sorcerers
  A worldbinder (Abyss:3)
  32 ugly things
  3 large abominations
  A spectral centaur (D:10)
  13 moths of wrath
  A wolf spider zombie (D:13)
  2 fire giant skeletons
  4 apocalypse crabs (Swamp:1)
  16 salamanders
  9 elephants
  2 frost giant skeletons
  13 centaur zombies
  A smoke demon (D:9)
  An eye of devastation (Slime:5)
  29 black mambas
  6 meliai (D:14)
  2 kobold blastminers (Orc:2)
  18 naga magi
  A stone giant skeleton (Vaults:1)
  A water nymph (shapeshifter) (Depths:2)
  10 guardian serpents
  2 orange demons
  The ghost of AutarchDCSS the Conjurer, a novice AtCj of Vehumet (D:5)
  A torpor snail (shapeshifter) (Depths:2)
  11 vault sentinels
  A torpor snail (Lair:3)
  A naga skeleton (Crypt:3)
  3 storm dragon simulacra (IceCv)
  2 gargoyles
  2 hellions
  2 dire elephant skeletons (Crypt:3)
  4 freezing wraiths
  An unseen horror zombie (Crypt:2)
  13 cane toads
  2 centaur skeletons
  13 komodo dragons
  7 rime drakes
  2 tormentors
  4 tengu conjurers
  36 yaktaurs
  A yaktaur skeleton (Vaults:2)
  6 golden dragon simulacra (IceCv)
  2 bloated husks
  11 tyrant leeches
  A troll (shapeshifter) (Depths:1)
  5 polar bears
  6 trolls
  7 raiju
  2 harpy skeletons
  17 blink frogs
  A tarantella (Vaults:2)
  12 hornets
  2 meliai zombies
  A hydra skeleton (Crypt:3)
  45 saltlings
  2 spectral guardian serpents (Crypt:1)
  8 dream sheep (Lair:3)
  5 glass eyes
  A spriggan zombie (D:15)
  An ice dragon zombie (Crypt:1)
  An ettin zombie (Vaults:2)
  A fire dragon skeleton (Crypt:2)
  4 centaur simulacra (D:10)
  A dire elephant simulacrum (Abyss:3)
  2 ettin skeletons
  13 wraiths
  2 spriggan skeletons
  3 vampires
  An elf zombie (Vaults:2)
  2 ynoxinuls (Abyss:3)
  19 spriggans
  3 air elementals
  13 wyverns
  6 starcursed masses (Abyss:3)
  A yak (shapeshifter) (Abyss:3)
  13 water elementals
  10 basilisks
  A fire bat (Orc:2)
  5 golden eyes (Slime:2)
  A hog (shapeshifter) (Vaults:2)
  18 humans (D:13)
  A warg (Orc:1)
  52 yaks
  A neqoxec (Abyss:3)
  2 fire elementals
  15 vampire mosquitoes
  Menkaure (D:6)
  2 fire bat zombies
  54 nagas
  3 acid dragons
  7 swamp worms
  Edmund (D:6)
  A demonspawn zombie (Crypt:2)
  A hell hound (Orc:2)
  Duvessa (D:7)
  24 water moccasins
  9 swamp drakes
  36 laughing skulls
  A glowing shapeshifter skeleton (Vaults:2)
  A sky beast (D:7)
  7 human skeletons (Vaults:2)
  2 black bears
  41 orc warriors
  A snapping turtle zombie (Crypt:1)
  4 ice dragon simulacra (IceCv)
  7 boggarts
  A dream sheep zombie (Crypt:1)
  11 ogres
  A small abomination (Abyss:3)
  A snapping turtle skeleton (Crypt:2)
  6 centaurs
  27 wolves
  2 kobold brigands (D:9)
  3 gnoll sergeants
  3 necrophages
  4 scorpions
  12 bullfrogs
  3 earth elementals (Elf:3)
  A shapeshifter zombie (Crypt:3)
  21 wights
  Dowan (D:7)
  A troll zombie (Swamp:3)
  22 killer bees
  8 lindwurm simulacra (IceCv)
  3 troll skeletons (Swamp:3)
  A yak skeleton (Crypt:1)
  3 howler monkeys
  5 electric eels
  2 bombardier beetles (D:3)
  A quasit (D:4)
  A jelly (D:8)
  5 hounds
  25 orc priests
  A gnoll bouda (D:6)
  A sleepcap (D:5)
  5 iguanas
  38 orc wizards
  A boggart zombie (D:13)
  2 naga zombies (Crypt:2)
  26 gnolls
  10 adders
  A shadow imp (D:4)
  A ribbon worm zombie (Crypt:2)
  A white imp (D:4)
  5 ufetubi
  3 ribbon worms
  A dart slug (D:5)
  87 orcs
  2 ball pythons (D:4)
  A bat zombie (Crypt:1)
  6 endoplasms
  3 giant cockroaches
  16 goblins
  16 hobgoblins
  2 jackals (D:4)
  26 kobolds
  A quokka (D:5)
  3 bats (D:1)
  4 frilled lizards
  A frilled lizard skeleton (Crypt:1)
  A goblin skeleton (Crypt:3)
  A jackal skeleton (Crypt:3)
  8 rats
2585 creatures vanquished.

Vanquished Creatures (others)
  A golden dragon (Zot:2)
  A deep elf blademaster (Elf:3)
  A draconian shifter (Zot:2)
  An ironbound preserver (Vaults:3)
  2 dire elephants (Vaults:3)
  A war gargoyle (Vaults:3)
  A red draconian (Zot:3)
  A deep elf high priest (Elf:3)
  An occultist (Depths:1)
  A lindwurm (Vaults:3)
  A foxfire (Swamp:3)
  3 starspawn tentacles (Abyss:3)
15 creatures vanquished.

Grand Total: 2600 creatures vanquished

Notes
Turn   | Place    | Note
-------+----------+-------------------------------------------
     0 | D:1      | Midpoint the Oni Brigand began the quest for the Orb.
     0 | D:1      | Reached XP level 1. HP: 22/22 MP: 1/1
    46 | D:1      | Reached skill level 3 in Fighting
   133 | D:1      | Reached XP level 2. HP: 29/31 MP: 2/2
   145 | D:1      | Reached skill level 1 in Staves
   648 | D:2      | Reached XP level 3. HP: 33/37 MP: 3/3
   864 | D:2      | Found an iron altar of Okawaru.
   873 | D:2      | Became a worshipper of Warmaster Okawaru
  1229 | D:3      | Reached skill level 1 in Polearms
  1333 | D:3      | Reached skill level 4 in Fighting
  1333 | D:3      | Reached XP level 4. HP: 48/48 MP: 4/4
  1498 | D:3      | Reached XP level 5. HP: 41/55 MP: 5/5
  1687 | D:3      | Reached skill level 5 in Fighting
  1767 | D:4      | Reached XP level 6. HP: 62/66 MP: 6/6
  1974 | D:4      | Reached * piety under Okawaru
  2033 | D:4      | Reached skill level 1 in Invocations
  2099 | D:4      | Reached XP level 7. HP: 67/74 MP: 7/7
  2373 | D:5      | Entered Level 5 of the Dungeon
  2397 | D:5      | Reached skill level 6 in Fighting
  2399 | D:5      | Reached skill level 5 in Polearms
  2461 | D:5      | Found a runed translucent gate.
  2461 | D:5      | Found a runed translucent gate.
  2461 | D:5      | Found a runed translucent gate.
  2461 | D:5      | Noticed AutarchDCSS's ghost (novice AtCj)
  2788 | D:5      | Reached skill level 1 in Dodging
  2814 | D:5      | Identified the +1 leather armour of Calculation {Dex+4}
  2909 | D:5      | Found a shimmering blue altar of Sif Muna.
  2944 | D:6      | Reached XP level 8. HP: 71/84 MP: 7/10
  3392 | D:6      | Noticed Menkaure
  3399 | D:6      | Killed Menkaure
  3400 | D:6      | Reached skill level 7 in Fighting
  3474 | D:6      | Reached ** piety under Okawaru
  3530 | D:6      | Noticed Edmund
  3546 | D:7      | Found a flagged portal.
  3573 | D:7      | Noticed Dowan
  3576 | D:7      | Noticed Duvessa
  3582 | Bailey   | Entered a bailey
  3706 | Bailey   | Reached skill level 5 in Invocations
  3706 | Bailey   | Reached XP level 9. HP: 65/93 MP: 9/12
  3755 | Bailey   | Noticed an orc knight
  3878 | Bailey   | Noticed an orc warlord
  4006 | Bailey   | Noticed an orc knight
  4053 | Bailey   | Killed an orc knight
  4054 | Bailey   | Reached skill level 8 in Fighting
  4084 | Bailey   | Killed an orc knight
  4085 | Bailey   | Reached skill level 9 in Fighting
  4146 | Bailey   | Reached skill level 15 in Fighting
  4146 | Bailey   | Reached XP level 10. HP: 43/127 MP: 14/14
  4541 | D:7      | Identified the +8 mace of the Spectre {heavy, rF+ rN++
                  | Will+ MP+9}
  4738 | D:8      | Reached XP level 11. HP: 88/135 MP: 15/15
  4877 | D:8      | Reached skill level 1 in Evocations
  5018 | D:8      | Learned a level 4 spell: Vhi's Electric Charge
  5235 | D:7      | Killed Duvessa
  5241 | D:7      | Killed Dowan
  5243 | D:7      | Found Juhaobet's Book Shop.
  5869 | D:6      | Killed Edmund
  5870 | D:6      | Reached skill level 5 in Throwing
  6237 | D:9      | Noticed Erolcha
  6241 | D:10     | Entered Level 10 of the Dungeon
  6241 | D:10     | Found a staircase to the Orcish Mines.
  6740 | D:9      | Killed Erolcha
  7168 | D:9      | Reached skill level 5 in Dodging
  7321 | D:10     | Noticed a two-headed ogre
  7654 | D:10     | Reached XP level 12. HP: 99/144 MP: 18/18
  7986 | D:10     | Noticed a two-headed ogre
  8013 | D:10     | Killed a two-headed ogre
  8054 | D:10     | Found a runed translucent gate.
  8054 | D:10     | Found a runed translucent gate.
  8054 | D:10     | Found a runed translucent gate.
  8054 | D:10     | Noticed turdburglar's ghost (journeyman TrSh)
  8121 | D:11     | Found a staircase to the Lair.
  8265 | Lair:1   | Entered Level 1 of the Lair of Beasts
  8413 | Lair:1   | Noticed Fannar
  8430 | Lair:1   | Killed Fannar
  9204 | Lair:2   | Reached skill level 10 in Invocations
  9242 | Lair:2   | Reached skill level 1 in Armour
  9458 | Lair:2   | Reached *** piety under Okawaru
  9861 | Lair:2   | Reached XP level 13. HP: 73/152 MP: 21/21
  9875 | Lair:2   | Found a staircase to the Swamp.
 10443 | Lair:2   | Reached **** piety under Okawaru
 11584 | Lair:2   | Reached skill level 10 in Throwing
 12261 | Lair:4   | Reached skill level 5 in Armour
 12506 | Lair:5   | Entered Level 5 of the Lair of Beasts
 13182 | Lair:4   | Reached XP level 14. HP: 53/161 MP: 21/23
 13274 | Lair:4   | You fall into a shaft and drop 1 floor!
 13606 | Lair:5   | Found a staircase to the Slime Pits.
 13744 | Lair:5   | Noticed Josephine
 13759 | Lair:5   | Killed Josephine
 14242 | Lair:5   | Found a shimmering altar of Xom.
 14348 | Lair:5   | Reached skill level 10 in Polearms
 14696 | Lair:5   | Found the +3 pair of seven-league boots {Rampage+∞}
 15252 | Lair:3   | Found a staircase to the Snake Pit.
 16254 | Lair:3   | Reached XP level 15. HP: 143/169 MP: 24/24
 16480 | Lair:3   | Learned a level 4 spell: Airstrike
 16745 | D:11     | Identified the ring "Xatutham" {Fly MP+9 Str+5}
 16814 | D:11     | Reached skill level 1 in Translocations
 16847 | D:11     | Reached skill level 1 in Air Magic
 17477 | D:12     | Found a runed translucent door.
 17524 | D:12     | Noticed a fire giant
 17541 | D:12     | Killed a fire giant
 17719 | D:12     | Reached skill level 10 in Armour
 17801 | D:13     | Learned a level 1 spell: Apportation
 18101 | D:13     | Reached ***** piety under Okawaru
 18150 | D:13     | Received a gift from Okawaru
 18200 | D:13     | Found a basalt altar of Yredelemnul.
 18484 | D:13     | Found a gate to the Vaults.
 18657 | D:13     | Reached XP level 16. HP: 109/179 MP: 25/25
 19195 | Orc:1    | Entered Level 1 of the Orcish Mines
 19195 | Orc:1    | Found Souguubb's Jewellery Shoppe.
 19678 | Orc:1    | Reached skill level 1 in Shields
 19800 | Orc:1    | Found Tisyitt's Assorted Antiques.
 20172 | Orc:2    | Entered Level 2 of the Orcish Mines
 20566 | Orc:2    | Found a shimmering altar of Xom.
 20591 | Orc:2    | Reached skill level 5 in Air Magic
 20640 | Orc:2    | Found a staircase to the Elven Halls.
 21234 | Orc:2    | Reached skill level 5 in Translocations
 21486 | Orc:2    | Found Rareu's Antique Weapon Shoppe.
 21486 | Orc:2    | Found Ramm's Weapon Shop.
 21492 | Orc:2    | Found Leanod's Distillery.
 21492 | Orc:2    | Found Fawn's Distillery.
 21500 | Orc:2    | Bought a potion of degeneration for 15 gold pieces
 21505 | Orc:2    | Bought a potion of curing for 39 gold pieces
 21505 | Orc:2    | Bought a potion of curing for 39 gold pieces
 21505 | Orc:2    | Bought 2 potions of might for 104 gold pieces
 21505 | Orc:2    | Bought a potion of haste for 130 gold pieces
 21505 | Orc:2    | Bought a potion of cancellation for 104 gold pieces
 21505 | Orc:2    | Bought a potion of might for 52 gold pieces
 21506 | Orc:2    | Bought a potion of curing for 45 gold pieces
 21506 | Orc:2    | Bought a potion of might for 60 gold pieces
 21506 | Orc:2    | Bought a potion of curing for 45 gold pieces
 21861 | D:14     | Identified the +0 robe of Youthful Indiscretion {+Blink
                  | rPois Dex-5}
 22381 | D:14     | Received a gift from Okawaru
 23127 | D:15     | Entered Level 15 of the Dungeon
 23268 | D:15     | Noticed Nessos
 23289 | D:15     | Killed Nessos
 23323 | D:15     | Reached skill level 1 in Spellcasting
 23735 | D:15     | Found a staircase to the Depths.
 23752 | D:15     | Reached XP level 17. HP: 181/187 MP: 26/26
 23917 | D:15     | Noticed Jorgrun
 24305 | Swamp:1  | Entered Level 1 of the Swamp
 24383 | Swamp:1  | Noticed Nikola
 24415 | Swamp:1  | Killed Nikola
 24549 | Swamp:1  | Received a gift from Okawaru
 24644 | Swamp:1  | Found a runed translucent door.
 25237 | Swamp:2  | Paralysed by a hornet for 2 turns
 25317 | Swamp:2  | Reached skill level 5 in Spellcasting
 25758 | Swamp:4  | Entered Level 4 of the Swamp
 25765 | Swamp:4  | Noticed Mlioglotl
 25803 | Swamp:4  | Killed Mlioglotl
 26029 | Swamp:4  | Reached skill level 5 in Shields
 26453 | Swamp:4  | Noticed Louise
 26513 | Swamp:4  | Killed Louise
 26827 | Swamp:4  | Identified a scroll of acquirement
 26836 | Swamp:4  | Acquired the amulet "Wenoma" {Reflect ^Fragile Fly rPois
                  | Regen+ SH+5}
 26941 | Swamp:4  | Got a decaying rune of Zot
 26953 | Swamp:4  | Noticed the 27-headed Lernaean hydra
 27071 | Swamp:4  | Killed the 27-headed Lernaean hydra
 27072 | Swamp:4  | Reached XP level 18. HP: 180/196 MP: 28/28
 27118 | Swamp:4  | Got the Incunabulum of Aerial Topography
 27199 | Swamp:3  | Noticed a tentacled monstrosity
 27203 | Swamp:3  | Found a transporter.
 27203 | Swamp:3  | Found a transporter.
 27204 | Swamp:3  | Found the +7 Throatcutter {drain, coup de grace}
 27204 | Swamp:3  | Noticed a tentacled monstrosity
 27312 | Swamp:3  | Reached skill level 16 in Fighting
 27502 | Swamp:3  | Learned a level 4 spell: Manifold Assault
 28148 | Swamp:4  | Received a gift from Okawaru
 28374 | Snake:1  | Entered Level 1 of the Snake Pit
 29692 | Snake:3  | Found Ofyqatan's Distillery.
 29699 | Snake:3  | Bought a potion of haste for 200 gold pieces
 29699 | Snake:3  | Bought a potion of curing for 60 gold pieces
 29699 | Snake:3  | Bought a potion of curing for 60 gold pieces
 29754 | Snake:4  | Entered Level 4 of the Snake Pit
 29796 | Snake:4  | Received a gift from Okawaru
 30518 | Snake:4  | Reached XP level 19. HP: 179/206 MP: 13/32
 30546 | Snake:4  | Reached skill level 10 in Spellcasting
 30645 | Snake:4  | Got a serpentine rune of Zot
 30680 | Snake:4  | Got a jade gem with 126 turns to spare
 31009 | Snake:4  | Found a runed translucent gate.
 31010 | Snake:4  | Found a runed translucent gate.
 31011 | Snake:4  | Found a runed translucent gate.
 31011 | Snake:4  | Noticed Kicir's ghost (adept GnFi)
 31152 | Snake:3  | Reached skill level 17 in Fighting
 32194 | Lair:3   | Learned a level 6 spell: Dispersal
 32351 | Vaults:1 | Entered Level 1 of the Vaults
 32453 | Vaults:1 | Found Gircheid's General Store.
 32498 | Vaults:1 | Bought a potion of heal wounds for 85 gold pieces
 32498 | Vaults:1 | Bought a scroll of teleportation for 51 gold pieces
 32548 | Vaults:1 | Found a crumbling gateway.
 32699 | Desolati | Entered the Desolation of Salt
 33071 | Desolati | Got the Compendium of Vexing Nonlocality
 33093 | Desolati | Received a gift from Okawaru
 33107 | Desolati | Identified the +6 chain mail of Wenemmaf {rElec rC+}
 33239 | Desolati | Identified the staff of Fortitude {*Corrode rN+ Int-4 Hexes
                  | Necro Alchemy}
 33242 | Desolati | Got the Vellum of Malediction
 33370 | Desolati | Identified the +5 dagger "Sootich" {speed, rF- MP+9 Dex+3}
 33693 | Desolati | Identified the ring "Ariroel" {Will+ Str+2 Int-4 Dex+3
                  | SInv}
 33698 | Desolati | Identified the +2 rapier of Tarhiymo {flame, Will+}
 33700 | Desolati | Identified the +1 plate armour of Gallantry {Will+ Int+2}
 33708 | Desolati | Identified the +1 war axe "Ox" {drain, *Rage rC++ SInv
                  | Stlth+}
 33977 | Desolati | Reached XP level 20. HP: 193/221 MP: 29/36
 34325 | Vaults:2 | Noticed Margery
 34343 | Vaults:2 | Killed Margery
 34345 | Vaults:2 | Reached skill level 18 in Fighting
 34628 | Vaults:2 | Reached skill level 1 in Maces & Flails
 35458 | Vaults:2 | Reached skill level 10 in Translocations
 35665 | Vaults:2 | Reached skill level 15 in Throwing
 35693 | Vaults:2 | Reached skill level 15 in Invocations
 35704 | Vaults:2 | Found a staircase to the Crypt.
 36146 | Vaults:3 | Received a gift from Okawaru
 36222 | Vaults:3 | Reached skill level 5 in Maces & Flails
 36614 | Vaults:3 | Found a runed translucent gate.
 36614 | Vaults:3 | Found a runed translucent gate.
 36614 | Vaults:3 | Found an ancient bone altar of Kikubaaqudgha.
 36614 | Vaults:3 | Noticed theMacoje's ghost (adept OnEn)
 36614 | Vaults:3 | Noticed an ancient lich
 36614 | Vaults:3 | Noticed Tang's ghost (master DsGl)
 36615 | Vaults:3 | Found a runed translucent gate.
 36615 | Vaults:3 | Noticed foobar1000's ghost (veteran SpHu)
 37135 | Vaults:3 | Reached XP level 21. HP: 182/211 MP: 37/37
 37220 | Vaults:3 | Reached skill level 19 in Fighting
 37352 | Vaults:3 | Found Kuarghol's Armour Shoppe.
 38834 | Vaults:4 | Received a gift from Okawaru
 38993 | Vaults:4 | Paralysed by a formless jellyfish for 1 turns
 39103 | Vaults:4 | Found Loreov's Antique Armour Shop.
 39413 | Vaults:1 | Reached skill level 20 in Fighting
 39805 | Vaults:1 | Reached XP level 22. HP: 232/247 MP: 38/38
 39848 | Vaults:1 | Reached skill level 10 in Shields
 40112 | Vaults:1 | Noticed Saint Roka
 40132 | Vaults:1 | Killed Saint Roka
 40306 | Vaults:1 | Noticed Zenata
 40321 | Vaults:1 | Killed Zenata
 40849 | Elf:1    | Entered Level 1 of the Elven Halls
 40933 | Elf:1    | Identified the +0 pair of boots "Ihuskili" {rPois rN+ Int+3
                  | Dex-5}
 40952 | Elf:2    | Found Tig Wedd's Antique Weapon Boutique.
 40986 | Elf:2    | Found a glacial archway.
 41022 | IceCv    | Entered an ice cave
 41413 | IceCv    | Identified the staff "Killer Bee's Peril" {rF+ Will- Dex+3
                  | Fire Air}
 41467 | IceCv    | Found the +4 skin of Zhor {*Englaciate rC+++ SInv}
 41497 | IceCv    | Identified the +4 ice dragon scales of Understanding {rF-
                  | rC++ Str+2 Int+3}
 41502 | IceCv    | Identified the amulet "Joguamul" {Faith rN+ rCorr Int+3}
 41506 | IceCv    | Identified the ring "Qeqisam" {Will+ MP+9}
 41510 | IceCv    | Identified the ring of Ucurhot {Str+6 Stlth+}
 41694 | Elf:2    | Reached skill level 21 in Fighting
 41712 | Elf:3    | Entered Level 3 of the Elven Halls
 42045 | Elf:3    | Paralysed by an air elemental for 1 turns
 42050 | Elf:3    | Paralysed by an air elemental for 1 turns
 42187 | Elf:3    | Identified the +2 dagger of Ru's Pride {holy, Will- Dex+8}
 42277 | Abyss:3  | Cast into level 3 of the Abyss (a deep elf sorcerer)
 42371 | Abyss:3  | Gained mutation: You do not regenerate when monsters are
                  | visible. [a shining eye]
 42510 | Abyss:3  | HP: 8/201 [angel/+3 whip of holy wrath (14)]
 42695 | Elf:3    | Escaped the Abyss
 43017 | Elf:3    | Reached XP level 23. HP: 166/240 MP: 25/39
 43227 | Elf:3    | Identified the +2 great mace of Trial by Ordeal {drain,
                  | Str+4}
 43227 | Elf:3    | Identified the ring "Boloess" {rPois Dex+6}
 43318 | Elf:3    | Identified the +7 flail of the Bear {venom, Str+2}
 43357 | Elf:3    | Reached skill level 22 in Fighting
 43503 | Elf:3    | Got the Vademecum on the Meteoric Throng
 43510 | Elf:3    | Got the Atlas of Vile Bewitchment
 43552 | Elf:3    | Got a shimmering gem with 268 turns to spare
 43563 | Elf:3    | Identified the amulet of Nofir {Reflect Str+4 SH+5}
 43580 | Elf:3    | Learned a level 5 spell: Yara's Violent Unravelling
 43584 | Elf:3    | Identified the +1 shortbow "Xaunimie" {elec, rCorr Int-5
                  | Dex+4}
 43742 | Elf:3    | Acquired the ring "Kuzanwiu" {rC+ rCorr Str+2 Int+2}
 44856 | Elf:1    | Paralysed by an air elemental for 1 turns
 45134 | Elf:2    | Found a runed translucent gate.
 45134 | Elf:2    | Found a runed translucent gate.
 45134 | Elf:2    | Found a runed translucent gate.
 45514 | D:7      | Bought a manual of Short Blades for 1120 gold pieces
 45514 | D:7      | Bought a book of Transmutation for 392 gold pieces
 45514 | D:7      | Bought Great Wizards, Vol. VII for 420 gold pieces
 45519 | D:7      | Learned a level 4 spell: Passage of Golubria
 45525 | D:7      | Learned a level 5 spell: Borgnjor's Vile Clutch
 45680 | Depths:1 | Entered Level 1 of the Depths
 45722 | Depths:1 | Reached skill level 1 in Necromancy
 45862 | Depths:1 | Reached skill level 15 in Shields
 45869 | Depths:1 | Found Ocuxisoxe's Magic Scroll Shoppe.
 45920 | Depths:1 | Reached skill level 1 in Earth Magic
 46053 | Depths:1 | Paralysed by a sphinx for 3 turns
 46096 | Depths:1 | Identified the +10 double sword of a Billion Hosts {flame,
                  | Str+2 Stlth+}
 46177 | Depths:1 | Found Lous's Jewellery Emporium.
 46654 | D:15     | Killed Jorgrun
 46827 | Slime:1  | Entered Level 1 of the Pits of Slime
 46936 | Slime:2  | Found a viscous altar of Jiyva.
 46985 | Slime:2  | Reached skill level 10 in Dodging
 46988 | Slime:2  | Reached skill level 5 in Necromancy
 47012 | Slime:2  | HP: 16/394 [azure jelly (7)]
 47012 | Slime:2  | HP: 2/394 [acid blob/splash of acid (12)]
 47229 | Slime:2  | Reached XP level 24. HP: 262/273 MP: 29/39
 47261 | Slime:2  | Received a gift from Okawaru
 47279 | Slime:2  | Gained mutation: You occasionally lose the ability to drink
                  | potions when taking damage. [a shining eye]
 47302 | Slime:2  | Lost mutation: You do not regenerate when monsters are
                  | visible. [potion of mutation]
 47302 | Slime:2  | Lost mutation: You occasionally lose the ability to drink
                  | potions when taking damage. [potion of mutation]
 47302 | Slime:2  | Gained mutation: Your muscles are strong. (Str +4, Int/Dex
                  | -1) [potion of mutation]
 47302 | Slime:2  | Gained mutation: Your movements are slightly less
                  | encumbered by armour. (ER -2) [potion of mutation]
 48190 | Slime:5  | Entered Level 5 of the Pits of Slime
 48487 | Slime:5  | Received a gift from Okawaru
 48594 | Slime:5  | Reached skill level 10 in Maces & Flails
 48918 | Slime:5  | Noticed the Royal Jelly
 48926 | Slime:5  | Killed the Royal Jelly
 49128 | Slime:5  | Found the +11 plutonium sword {^Contam Stlth-}
 49141 | Slime:5  | Got a slimy rune of Zot
 49158 | Slime:5  | Identified the +6 orcbow of Zeot {antimagic, Int+5}
 49217 | Slime:5  | Identified the +0 pair of gloves of the Barnacle {Slay+3}
 49246 | Slime:5  | Identified the +7 plate armour of Hyolut {Will- Str+7 Int+2
                  | Dex+2}
 49247 | Slime:5  | Identified the +0 leather armour "Edeedgh" {rN+ Dex+4
                  | Stlth-}
 49252 | Slime:5  | Identified the staff "Eresm" {rElec rPois Dex+3 Alchemy}
 49530 | Orc:1    | Bought a potion of heal wounds for 170 gold pieces
 49530 | Orc:1    | Bought a potion of curing for 102 gold pieces
 49530 | Orc:1    | Bought a potion of berserk rage for 170 gold pieces
 49544 | Orc:1    | Learned a level 4 spell: Dispel Undead
 49833 | Crypt:1  | Entered Level 1 of the Crypt
 50050 | Crypt:1  | Reached skill level 5 in Evocations
 50441 | Crypt:2  | Reached skill level 1 in Shapeshifting
 51120 | Crypt:2  | Reached XP level 25. HP: 260/268 MP: 39/39
 51190 | Crypt:3  | Entered Level 3 of the Crypt
 51212 | Crypt:3  | Found a staircase to the Tomb.
 51326 | Crypt:2  | Reached skill level 5 in Shapeshifting
 51971 | Crypt:3  | Reached skill level 5 in Earth Magic
 52681 | Crypt:3  | Identified the staff of the Eight Underlurkers {rF+ rN+
                  | Int+4 Necro}
 52856 | Crypt:3  | Reached skill level 10 in Necromancy
 53098 | Crypt:3  | Noticed an ancient lich
 53127 | Crypt:3  | Killed an ancient lich
 53204 | Crypt:3  | Identified the +5 war axe of Wusesy {drain, rF+ rN+ Dex-4}
 53205 | Crypt:3  | Identified the +0 hand axe of Odedoli {spect, rN+}
 53268 | Crypt:3  | Received a gift from Okawaru
 53312 | Crypt:3  | Identified the +0 plate armour of Dawn {Str+3 Int+2}
 54068 | Vaults:1 | Bought a scroll of fog for 68 gold pieces
 54068 | Vaults:1 | Bought a potion of magic for 136 gold pieces
 54068 | Vaults:1 | Bought a scroll of fog for 68 gold pieces
 54068 | Vaults:1 | Bought 3 scrolls of enchant weapon for 382 gold pieces
 54068 | Vaults:1 | Bought a potion of might for 68 gold pieces
 54222 | D:10     | Killed turdburglar's ghost
 54237 | D:10     | Identified the +0 plate armour of the Countless Xeniums
                  | {Dex+3 SInv}
 54360 | D:5      | Killed AutarchDCSS's ghost
 54618 | Depths:1 | Found a gateway to Hell.
 55214 | Depths:4 | Entered Level 4 of the Depths
 55255 | Depths:4 | Found a one-way gateway to a ziggurat.
 55342 | Depths:4 | Reached skill level 10 in Shapeshifting
 55348 | Depths:4 | Found a gate to the Realm of Zot.
 55351 | Depths:4 | Got a midnight gem with 1391 turns to spare
 55397 | Depths:4 | Received a gift from Okawaru
 55466 | Depths:4 | Found Gacky's Weapon Shop.
 55889 | Depths:4 | Found a burning altar of Makhleb.
 55960 | Depths:3 | Noticed Jory
 56090 | Depths:2 | Reached XP level 26. HP: 291/291 MP: 13/39
 56289 | Depths:2 | Reached skill level 1 in Hexes
 56289 | Depths:2 | Reached skill level 1 in Alchemy
 56740 | Depths:2 | Received a gift from Okawaru
 56771 | Depths:2 | Found a one-way gate leading to the halls of Pandemonium.
 57211 | Depths:2 | Reached ****** piety under Okawaru
 57212 | Depths:2 | Acquired the +7 pearl dragon scales of the Blushing Gods
                  | {rPois rN+ Dex+2 Slay+3 Stlth-}
 57212 | Depths:2 | Received a gift from Okawaru
 57231 | Depths:2 | Acquired a +4 demon trident of draining
 57231 | Depths:2 | Received a gift from Okawaru
 57516 | Depths:3 | Killed Jory
 57658 | Depths:3 | Found Macacw's Antique Weapon Boutique.
 57747 | Depths:3 | Identified the +6 sling of Irgheh {antimagic, ^Fragile Fly
                  | rPois rN+++}
 57800 | Depths:3 | Received a gift from Okawaru
 57974 | Depths:3 | Found a one-way gate to the infinite horrors of the Abyss.
 58137 | Zot:1    | Entered Level 1 of the Realm of Zot
 58148 | Zot:1    | Noticed Parghit
 58605 | Zot:2    | Received a gift from Okawaru
 58753 | Zot:1    | Killed Parghit
 59427 | Zot:3    | Reached XP level 27. HP: 297/299 MP: 33/40
 59722 | Zot:3    | Received a gift from Okawaru
 59997 | Zot:4    | Noticed an orb of fire
 60000 | Zot:4    | Gained mutation: You possess an exceptional clarity of
                  | mind. [an orb of fire]
 60135 | Zot:4    | Noticed an orb of fire
 60146 | Zot:3    | Killed an orb of fire
 60158 | Zot:4    | Killed an orb of fire
 60255 | Zot:5    | Entered Level 5 of the Realm of Zot
 60682 | Zot:4    | Reached skill level 15 in Shapeshifting
 61068 | Zot:5    | Noticed an orb of fire
 61069 | Zot:5    | Gained mutation: Your magical capacity is low. (-10% MP)
                  | [an orb of fire]
 61069 | Zot:5    | Noticed an orb of fire
 61071 | Zot:5    | Gained mutation: Your spells are a little easier to cast,
                  | but a little less powerful. [an orb of fire]
 61073 | Zot:5    | Gained mutation: You are dopey. (Int -2) [an orb of fire]
 61078 | Zot:5    | Gained mutation: Your spells are easier to cast, but less
                  | powerful. [an orb of fire]
 61088 | Zot:5    | Killed an orb of fire
 61090 | Zot:5    | Killed an orb of fire
 61125 | Zot:5    | Received a gift from Okawaru
 61159 | Zot:5    | Noticed an orb of fire
 61164 | Zot:5    | Gained mutation: You occasionally lose the ability to read
                  | scrolls when taking damage. [an orb of fire]
 61169 | Zot:5    | Gained mutation: You are occasionally teleported next to
                  | monsters. [an orb of fire]
 61170 | Zot:5    | Gained mutation: You have hidden genetic defects. [an orb
                  | of fire]
 61174 | Zot:5    | Killed an orb of fire
 61175 | Zot:5    | Reached skill level 5 in Hexes
 61175 | Zot:5    | Reached skill level 5 in Alchemy
 61181 | Zot:5    | Noticed an orb of fire
 61187 | Zot:5    | Gained mutation: You occasionally shout uncontrollably at
                  | your foes. [an orb of fire]
 61211 | Zot:5    | Noticed an orb of fire
 61211 | Zot:5    | Noticed an orb of fire
 61221 | Zot:5    | Noticed a dread lich
 61221 | Zot:5    | Noticed a dread lich
 61269 | Zot:5    | Gained mutation: You are clumsy. (Dex -2) [an orb of fire]
 61272 | Zot:5    | Gained mutation: You occasionally lose the ability to drink
                  | potions when taking damage. [an orb of fire]
 61273 | Zot:5    | Lost mutation: You have hidden genetic defects. [an orb of
                  | fire]
 61277 | Zot:5    | Killed an orb of fire
 61341 | Zot:5    | Gained mutation: Your body sometimes deteriorates upon
                  | taking damage. [an orb of fire]
 61345 | Zot:5    | Killed an orb of fire
 61629 | Lair:1   | Lost mutation: Your spells are easier to cast, but less
                  | powerful. [potion of mutation]
 61629 | Lair:1   | Lost mutation: Your spells are a little easier to cast, but
                  | a little less powerful. [potion of mutation]
 61629 | Lair:1   | Lost mutation: You occasionally lose the ability to drink
                  | potions when taking damage. [potion of mutation]
 61629 | Lair:1   | Lost mutation: You are clumsy. (Dex -2) [potion of
                  | mutation]
 61629 | Lair:1   | Gained mutation: You expend magic power (3 MP) to
                  | strengthen your wands. [potion of mutation]
 61630 | Lair:1   | Lost mutation: You occasionally lose the ability to read
                  | scrolls when taking damage. [potion of mutation]
 61630 | Lair:1   | Lost mutation: Your muscles are strong. (Str +4, Int/Dex
                  | -1) [potion of mutation]
 61630 | Lair:1   | Lost mutation: Your body sometimes deteriorates upon taking
                  | damage. [potion of mutation]
 61630 | Lair:1   | Gained mutation: Your spells are a little harder to cast,
                  | but a little more powerful. [potion of mutation]
 61790 | Snake:3  | Bought a potion of magic for 160 gold pieces
 61790 | Snake:3  | Bought a potion of enlightenment for 100 gold pieces
 61790 | Snake:3  | Bought a potion of brilliance for 80 gold pieces
 61790 | Snake:3  | Bought a potion of mutation for 160 gold pieces
 62074 | Orc:2    | Bought a potion of mutation for 104 gold pieces
 62074 | Orc:2    | Bought a potion of mutation for 104 gold pieces
 62075 | Orc:2    | Bought a potion of magic for 120 gold pieces
 62075 | Orc:2    | Bought a potion of cancellation for 120 gold pieces
 62291 | Vaults:1 | Bought a potion of mutation for 136 gold pieces
 62291 | Vaults:1 | Lost mutation: You expend magic power (3 MP) to strengthen
                  | your wands. [potion of mutation]
 62291 | Vaults:1 | Lost mutation: You are occasionally teleported next to
                  | monsters. [potion of mutation]
 62291 | Vaults:1 | Lost mutation: You occasionally shout uncontrollably at
                  | your foes. [potion of mutation]
 62291 | Vaults:1 | Gained mutation: You have a pair of horns on your head.
                  | [potion of mutation]
 62504 | Depths:4 | Learned a level 3 spell: Passwall
 63726 | Zot:5    | Noticed an ancient lich
 63733 | Zot:5    | Killed a dread lich
 63733 | Zot:5    | Received a gift from Okawaru
 63735 | Zot:5    | Killed an ancient lich
 63766 | Zot:5    | Lost mutation: Your spells are a little harder to cast, but
                  | a little more powerful. [an orb of fire]
 63773 | Zot:5    | Gained mutation: You are clumsy. (Dex -2) [an orb of fire]
 63774 | Zot:5    | Killed an orb of fire
 63999 | Zot:5    | Gained mutation: You occasionally lose the ability to drink
                  | potions when taking damage. [mutagenic glow]
 64034 | Arena    | Entered the Arena
 64049 | Arena    | Killed a dread lich
 64284 | Zot:5    | Got the Orb of Zot
 64387 | Zot:4    | Noticed Xyozim the pandemonium lord
 64402 | Zot:3    | Killed Xyozim the pandemonium lord
 64861 | D:$      | Escaped with the Orb!

Illustrated notes

Levels and vault maps discovered:
D:1:      arrival_zaba_pyramid, layout_basic
D:2:      layout_basic, basic_altar
D:3:      layout_basic
D:4:      layout_basic, serial_demonic, serial_demonic_g, serial_demonic_g,
          serial_demonic_b, serial_demonic_g
D:5:      layout_rooms, led_sif_pool, minmay_temple_entry_enclosed_plants,
          ebering_ghost_rock_garden
D:6:      layout_rooms, kennysheep_generic_room_3, uniq_menkaure, uniq_edmund
D:7:      layout_cave_pools, serial_shops, nicolae_shop_waterfront,
          enter_bailey_6, uniq_duvessa
D:8:      layout_rooms
D:9:      layout_cave_pools, uniq_erolcha
D:10:     layout_roguey, orc_0_dummy, gammafunk_ghost_necromancy,
          minmay_misc_feat_cross, kennysheep_generic_room_8
D:11:     layout_irregular_city, dpeg_oklobed_lair, minmay_quadrilaterals
D:12:     layout_big_octagon, lightli_airlock
D:13:     kb_forest_paths, layout_loops_ring, grunt_vaults_entry_tiered,
          nicolae_yredelemnul_corpse_copse
D:14:     layout_basic, minmay_variable_closet
D:15:     gammafunk_depths_entry_grave, layout_loops_ring,
          minmay_tree_intersection, serial_bayou_lagoon_b, uniq_nessos,
          uniq_jorgrun
Lair:1:   layout_chaotic_city, grunt_megastairs_2, uniq_fannar
Lair:2:   regret_index_malice_mire, layout_regular_city,
          minmay_swamp_entry_eels, mumra_transporter_accident,
          beast_lair_carwin_7
Lair:3:   hellmonk_destroyed_diamonds, layout_layer_cave,
          alex1729_snake_entry_snake, hangedman_tree_tricks, st_stairs_11,
          kennysheep_catoblepas_arena
Lair:4:   layout_gridlike, serial_bayou_shore_a
Lair:5:   grunt_lair_end_beastmaster, layout_regular_city, slime_entry_1,
          basic_altar, chequers_serial_rivers_small_3, uniq_josephine
Swamp:1:  gammafunk_mikee_crab_dinner, layout_basic_swamp,
          hangedman_swamp_lotus, swamp_pool_1_2, uniq_nikola
Swamp:2:  layout_falls_marsh, evilmike_swamp_ruin_wall
Swamp:3:  gammafunk_sealed_arena, layout_basic_swamp, infiniplex_staircase_pool,
          cheibrodos_swamp_minitomb
Swamp:4:  grunt_swamp_rune_castle, layout_basic_swamp,
          nicolae_swamp_long_stream, uniq_louise, uniq_mlioglotl
Snake:1:  layout_grid_shapes, special_room, nicolae_snake_gridmaze_tees,
          grunt_megastairs_3
Snake:2:  cheibrodos_snake_ritualist_ritual, layout_rooms
Snake:3:  layout_cave_pods, serial_shops, shop, grunt_ministairs_15,
          nicolae_snake_double_loop
Snake:4:  johnstein_snake_rune_scales, layout_cave_pods,
          ebering_ghost_rock_garden, grunt_ministairs_13
Slime:1:  layout_caves
Slime:2:  layout_caves, special_room [special_room_jelly], basic_altar
Slime:3:  layout_caves, basic_altar
Slime:4:  cheibrodos_slime_lost_civilization_10, layout_caves
Slime:5:  slime_pit_nicolae_royal_road_to_ruin
Orc:1:    layout_caves, serial_shops,
          nicolae_shop_temple_entry_statues_fountains, special_room
          [special_room_orc], nicolae_orc_rockfall, guppyfry_orc_lava_fort
Orc:2:    grunt_orc_tribal_feast, layout_caves, serial_shops,
          nicolae_shop_back_alley_shop, regret_index_xom_of_box
Elf:1:    nicolae_elf_arrival_no_cutting_in_line, layout_gridlike,
          hangedman_elf_disciples
Elf:2:    elven_hall_of_blades_hangedman_original
          [nicolae_blade_entry_sentries_behind_glass], layout_gridlike,
          portal_ice_cave_entry_frozen_things, serial_shops,
          nicolae_shop_overgrown_old_shop, amcnicky_mini_pool_small
Elf:3:    minmay_elf_hall_dome, layout_geoelf_octagon, special_room
          [special_room_orc], fake_guardian_serpent_vault
Vaults:1: portal_desolation_entry_salt, nicolae_vaults_arrows,
          nicolae_vaults_three_branches, nicolae_vaults_bisected_exclaves,
          nicolae_vaults_tetromino_T_1, nicolae_vaults_stairing_the_circle,
          nicolae_vaults_theta, nicolae_vaults_sightless_eye,
          nicolae_vaults_storage_room_water, nicolae_vaults_oval_intersection,
          nicolae_vaults_sesquioval_fish, nicolae_vaults_storage_room_glass,
          nicolae_vaults_tetromino_L_2, nicolae_vaults_tetromino_T_2,
          nicolae_vaults_layer_cake_slice, layout_vaults_big_cross,
          serial_shops, nicolae_shop_gibbet_a_chance, uniq_saint_roka,
          uniq_zenata
Vaults:2: v_alt_pattern_5, nicolae_vaults_network_periphery,
          minmay_crypt_entry_skeletal_spiral, nicolae_vaults_little_squares_6,
          nicolae_vaults_little_ls, v_alt_pattern_1,
          nicolae_vaults_double_plus_1, layout_vaults_omnigrid, uniq_margery
Vaults:3: gammafunk_ghost_crypt, vaults_room_corners, nicolae_vaults_house_3,
          v_misc_22, nicolae_vaults_ellipses_ellipsis, v_misc_28,
          vaults_room_octagon, hangedman_vaults_slice, v_rooms_3,
          nicolae_vaults_taking_the_gang_shopping, vaults_mumra_chevron_long,
          nicolae_vaults_diagonal_hallway_8, nicolae_vaults_layer_cake_slice,
          ontoclasm_vaults_ligature, layout_vaults_maze
Vaults:4: v_pattern_5, ontoclasm_vaults_fault, nicolae_vaults_lightning_bolt,
          nicolae_vaults_windows_and_doors_thing, v_rooms_5,
          nicolae_vaults_little_squares_5, v_alt_pattern_2,
          nicolae_vaults_surprise_closet, layout_vaults_chaotic_city,
          serial_shops, shop
Crypt:1:  layout_basic, minivault_23, nrook_guardian_serpent_ordinary
Crypt:2:  layout_catacombs
Crypt:3:  due_elkab, layout_chaotic_city, nicolae_crypt_niches, st_stairs_3
Depths:1: layout_long_grid, roderic_three_in_a_row, serial_shops,
          nicolae_diamond_shop, nicolae_shop_gaudy_bauble, pf_coc_iceberg,
          nicolae_water_bricks, minmay_gold_behind_fungi,
          nicolae_rock_paper_scissors
Depths:2: hangedman_arch_fort, layout_gridlike, pan_entry,
          hangedman_abyss_or_decor_jellyfish_corner, hell_entry
Depths:3: cheibrodos_birdhouse, layout_basic, rand_demon_pan_entry_1,
          hell_entry, serial_shops, shop,
          nicolae_abyss_entry_one_way_or_another, uniq_jory
Depths:4: grunt_crosshair, layout_gridlike, enter_ziggurat_d,
          old_standard_altar, serial_shops, nicolae_shop_tiny_statue_garden,
          grunt_hell_entry_dis_grunt
Zot:1:    layout_misc_corridors, grunt_megastairs_5, uniq_parghit
Zot:2:    layout_misc_corridors
Zot:3:    lemuel_draconian_sentries, layout_twisted_circle
Zot:4:    layout_onion_interference
Zot:5:    layout_basic

Skill      XL: |  1  2  3  4  5  6  7  8  9 10 11 12 13 14 15 16 17 18 19 20 21 22 23 24 25 26 27 |
---------------+----------------------------------------------------------------------------------+-----
Fighting       | 3 4 5 6 7 15 16 17 18 20 21 22 | 22.0
Staves         | 1 2 |  2.1
Polearms       | 1 2 3 4 6 7 9 11 13 14 | 14.9
Invocations    | 1 3 5 6 8 10 12 13 14 15 16 | 16.0
Dodging        | 1 2 5 6 8 10 | 10.0
Throwing       | 3 4 6 9 11 12 13 14 15 | 15.0
Evocations     | 2 4 5 |  5.7
Armour         | 3 6 9 10 11 13 | 13.0
Translocations | 4 5 7 8 9 10 11 12 | 12.0
Air Magic      | 4 6 7 8 |  8.0
Shields        | 3 5 9 13 15 16 | 16.7
Spellcasting   | 2 7 9 12 13 14 | 14.0
Stealth        | 4 |  4.3
Maces & Flails | 6 7 11 | 11.8
Necromancy     | 5 8 12 13 | 13.9
Earth Magic    | 3 4 6 7 |  7.6
Shapeshifting  | 4 11 12 17 | 17.0
Hexes          | 3 7 |  7.8
Alchemy        | 3 7 |  7.8
Short Blades   | |  1.7

Action                     |  1- 3 |  4- 6 |  7- 9 | 10-12 | 13-15 | 16-18 | 19-21 | 22-24 | 25-27 || total
---------------------------+-------+-------+-------+-------+-------+-------+-------+-------+-------++-------
  Melee: Quarterstaff      |    74 |   104 |    41 |    20 |   123 |       |       |       |       ||   362
         Dagger            |     8 |       |     1 |       |       |       |       |       |       ||     9
         Headbutt          |    16 |    12 |    42 |   184 |   403 |   281 |   467 |   628 |   622 ||  2655
         Trident           |       |       |   235 |    53 |   193 |     3 |       |       |       ||   484
         Punch             |       |       |     1 |    17 |    25 |     1 |       |       |       ||    44
         Mace              |       |       |       |    52 |    24 |     8 |       |       |       ||    84
         Spear             |       |       |       |   665 |   337 |       |       |       |       ||  1002
         Broad axe         |       |       |       |       |     5 |       |       |       |       ||     5
         Glaive            |       |       |       |       |   726 |  1533 |  1111 |       |       ||  3370
         Eveningstar       |       |       |       |       |       |     3 |       |       |       ||     3
         Demon whip        |       |       |       |       |       |       |   944 |  2415 |  1133 ||  4492
         Unarmed           |       |       |       |       |       |       |       |     3 |       ||     3
         Demon trident     |       |       |       |       |       |       |       |       |  1311 ||  1311
  Throw: Dart              |     9 |    24 |    43 |    75 |    68 |    16 |     1 |       |       ||   236
         Boomerang         |       |       |     2 |    38 |     6 |   140 |    23 |    41 |    12 ||   262
         Large rock        |       |       |       |       |    14 |   157 |   115 |   298 |   251 ||   835
         Javelin           |       |       |       |       |       |    22 |    26 |    35 |    41 ||   124
         Throwing net      |       |       |       |       |       |       |       |       |     2 ||     2
   Cast: Vhi's Electric Ch |       |       |       |       |       |    15 |    56 |   111 |    78 ||   260
         Manifold Assault  |       |       |       |       |       |    89 |   211 |   233 |   247 ||   780
         Apportation       |       |       |       |       |       |    17 |    29 |   127 |   152 ||   325
         Airstrike         |       |       |       |       |       |     4 |     1 |       |       ||     5
         Dispersal         |       |       |       |       |       |       |       |     8 |    23 ||    31
         Dispel Undead     |       |       |       |       |       |       |       |       |    42 ||    42
         Borgnjor's Vile C |       |       |       |       |       |       |       |       |    40 ||    40
         Yara's Violent Un |       |       |       |       |       |       |       |       |    10 ||    10
         Passage of Golubr |       |       |       |       |       |       |       |       |     2 ||     2
 Invoke: Heroism           |       |       |    14 |    38 |    46 |    52 |    47 |    53 |    26 ||   276
         Finesse           |       |       |       |       |     2 |     1 |     5 |     5 |     7 ||    20
         Receive Weapon    |       |       |       |       |       |       |       |       |     1 ||     1
         Receive Armour    |       |       |       |       |       |       |       |       |     1 ||     1
         Duel              |       |       |       |       |       |       |       |       |     1 ||     1
Ability: Begin Untransform |       |       |       |       |       |       |       |       |     2 ||     2
  Evoke: Wand              |       |       |    12 |     8 |    15 |    14 |     9 |     8 |     4 ||    70
         Lightning rod     |       |       |       |       |       |     4 |       |     2 |       ||     6
         Phial of floods   |       |       |       |       |       |     2 |       |     2 |     2 ||     6
    Use: Potion            |       |     1 |    10 |     5 |     4 |     5 |    16 |    27 |    23 ||    91
         Scroll            |       |     1 |     4 |    13 |    13 |    11 |     6 |    16 |    30 ||    94
   Stab: Sleeping          |     8 |     2 |     1 |     8 |     6 |    12 |     6 |     2 |     5 ||    50
         Distracted        |       |       |       |     1 |       |     3 |     3 |       |       ||     7
         Invisible         |       |       |       |     4 |       |       |     2 |     2 |     4 ||    12
         Petrified         |       |       |       |       |     6 |       |       |       |       ||     6
         Petrifying        |       |       |       |       |     3 |       |       |       |       ||     3
         Paralysed         |       |       |       |       |       |     1 |       |     2 |       ||     3
 Armour: Robe              |    59 |    87 |   135 |   285 |    78 |       |       |       |       ||   644
         Skin              |       |       |    66 |     1 |       |       |       |       |   576 ||   643
         Swamp dragon scal |       |       |       |       |   774 |  1106 |  1060 |   770 |   321 ||  4031
         Pearl dragon scal |       |       |       |       |       |       |       |       |   357 ||   357
  Dodge: Dodged            |    30 |    49 |   109 |   330 |   751 |   741 |   495 |   380 |   634 ||  3519
  Block: Other             |       |       |       |       |       |    52 |   129 |       |       ||   181
         Reflection        |       |       |       |       |       |     4 |    47 |    35 |    31 ||   117
         Kite shield       |       |       |       |       |       |       |   473 |  1168 |  1387 ||  3028
   Form: Statue            |       |       |       |       |       |       |       |       |     3 ||     3
                           |       |       |       |       |       |       |       |       |     1 ||     1
